[Event "ISR-chT U14 2018"]
[Site "Nir HaEmek"]
[Date "2018.08.13"]
[Round "4"]
[White "Guz, Ari"]
[Black "Verny, David"]
[Result "1/2-1/2"]
[ECO "D14"]
[WhiteElo "1921"]
[BlackElo "1946"]
[Annotator "NA"]
[PlyCount "48"]
[EventDate "2018.08.12"]
[EventType "team-tourn"]
[EventCountry "ISR"]
[SourceTitle "playchess.com"]
[Source "ChessBase"]
[SourceQuality "1"]
[TimeControl "3060+10"]

1. d4 d5 2. c4 c6 3. cxd5 cxd5 4. Nc3 Nc6 5. Bf4 Nf6 6. e3 Bf5 7. Bb5 Rc8 8. Nf3 e6 9. Qa4 Qb6 10. O-O Be7 11. Ne5 O-O 12. Bxc6 bxc6 13. Qb3 c5 14. Qxb6 axb6 15. Na4 cxd4 16. Nxb6 Rc2 17. exd4 Rxb2 18. Nbd7 Nxd7 19. Nxd7 Ra8 20. Rfc1 h6 21. a4 Rb7 22. Nc5 Rb4 23. Be3 {[%emt 0:00:46] Bxc5Rxc5 [%clk 0:18:59] Rbxa4Rxa4 [%clk 0:19:00] Rxa4 [%clk 0:17:18] h3 [%clk 0:19:08]} Kh7 {[%emt 0:01:51] Kh2 [%clk 0:19:13] Kg6 [%clk 0:15:47] Kg3 [%clk 0:18:32] Bd3 [%clk 0:15:15]} 24. Rc3 {[%emt 0:01:07] Bc4 [%clk 0:13:04] Rc1 [%clk 0:18:09] Kf5 [%clk 0:12:20]} Rb1+ {[%emt 0:00:00] Ra7 [%clk 0:12:02] Rb8 [%clk 0:17:21] f6 [%clk 0:10:41] Kf3 [%clk 0:17:06] Re7 [%clk 0:09:02] Rb6 [%clk 0:17:07] Bd3 [%clk 0:08:53] Rd6 [%clk 0:16:48] Be4+ [%clk 0:08:49] Kg3 [%clk 0:16:47] Rb7 [%clk 0:06:18] Kh2 [%clk 0:16:46] Re7 [%clk 0:04:38] Kg3 [%clk 0:16:47] h5 [%clk 0:04:39] h4 [%clk 0:16:22] Rb7 [%clk 0:04:41] Kh3 [%clk 0:16:00] Bd3 [%clk 0:03:57] Rd8 [%clk 0:14:00] Bc4 [%clk 0:03:44] Rh8 [%clk 0:13:54] Kg6 [%clk 0:03:41] Re8 [%clk 0:13:55] Kf5 [%clk 0:03:49] Rh8 [%clk 0:14:00] g6 [%clk 0:03:55] Rf8 [%clk 0:14:02] e5 [%clk 0:03:46] dxe5 [%clk 0:13:54] Kxe5 [%clk 0:03:55] Re8+ [%clk 0:13:48] Kf5 [%clk 0:04:01] Rf8 [%clk 0:13:36] Rb3 [%clk 0:04:03] Kh2 [%clk 0:13:36] Ke6 [%clk 0:04:05] Bd4 [%clk 0:13:22] Ke5 [%clk 0:00:00]} 1/2-1/2

[Event "ISR-chT U14 2018"]
[Site "Nir HaEmek"]
[Date "2018.08.13"]
[Round "4"]
[White "Friedland, Eldar"]
[Black "Gov, Guy"]
[Result "1-0"]
[ECO "E32"]
[WhiteElo "1876"]
[BlackElo "1834"]
[Annotator "NA"]
[PlyCount "67"]
[EventDate "2018.08.12"]
[EventType "team-tourn"]
[EventCountry "ISR"]
[SourceTitle "playchess.com"]
[Source "ChessBase"]
[SourceQuality "1"]
[TimeControl "3060+10"]

1. d4 Nf6 2. c4 e6 3. Nc3 Bb4 4. Qc2 b6 5. e4 Bb7 6. Bd3 Bxc3+ 7. bxc3 d6 8. Bg5 Nbd7 9. Ne2 c5 10. f4 h6 11. Bh4 Qc7 12. e5 Ng4 13. Qd2 Bxg2 14. Rg1 Nxh2 15. O-O-O Nf3 16. Qe3 Nxh4 17. Qg3 Qd8 18. Qxg7 Rf8 19. Rxg2 Nxg2 20. Qxg2 dxe5 21. d5 exd5 22. Qxd5 Rc8 23. Bf5 Rc7 24. Ng3 Rg8 25. Ne4 Rg7 26. Qd6 f6 27. Nxf6+ Qxf6 28. Bxd7+ Kf7 29. Be8+ Kxe8 30. Qxf6 Rce7 31. fxe5 Rg5 32. Qh8+ Kf7 33. Rf1+ Ke6 34. Qxh6+ {[%emt 0:00:17] Kd5 [%clk 0:00:00]} 1-0

[Event "ISR-chT U14 2018"]
[Site "Nir HaEmek"]
[Date "2018.08.13"]
[Round "4"]
[White "Sherman, Reem"]
[Black "Katz, Kiril"]
[Result "*"]
[ECO "A06"]
[WhiteElo "1757"]
[BlackElo "1822"]
[Annotator "NA RC"]
[PlyCount "20"]
[EventDate "2018.08.12"]
[EventType "team-tourn"]
[EventCountry "ISR"]
[SourceTitle "playchess.com"]
[Source "ChessBase"]
[SourceQuality "1"]
[TimeControl "3060+10"]

1. b3 d5 2. Bb2 Bf5 3. e3 e6 4. Nf3 Nf6 5. h3 {[%emt 0:01:45] LiveBook: 13 Games} Bd6 6. d4 Nbd7 7. Bd3 Ne4 8. c4 c6 9. c5 Bc7 10. Nc3 $11 Qf6 *

[Event "ISR-chT U14 2018"]
[Site "Nir HaEmek"]
[Date "2018.08.13"]
[Round "4"]
[White "Tsirilman, Guy"]
[Black "Sherman, Reem"]
[Result "1/2-1/2"]
[ECO "A06"]
[WhiteElo "1753"]
[BlackElo "1757"]
[Annotator "NA"]
[PlyCount "77"]
[EventDate "2018.08.12"]
[EventType "team-tourn"]
[EventCountry "ISR"]
[SourceTitle "playchess.com"]
[Source "ChessBase"]
[SourceQuality "1"]
[TimeControl "3060+10"]

1. b3 d5 2. Bb2 Bf5 3. e3 e6 4. Nf3 Nf6 5. h3 Bd6 6. d4 Nbd7 7. Bd3 Ne4 8. c4 c6 9. c5 Bc7 10. Nc3 Qf6 11. Qc2 Ba5 12. a3 Nxc3 13. Bxc3 Bxc3+ 14. Qxc3 Bxd3 15. Qxd3 Nxc5 16. Qc2 Ne4 17. Ne5 Rd8 18. Rc1 O-O 19. Qe2 Qe7 20. O-O f6 21. Nd3 f5 22. Ne5 Rf6 23. Rfd1 Rdf8 24. g3 Rh6 25. Kg2 Qg5 26. Qf3 Qe7 27. h4 Rhf6 28. b4 a6 29. Rc2 Rc8 30. Rb1 Rff8 31. a4 Rfd8 32. Rb3 Rc7 33. Qe2 Nd6 34. Qd1 Rdc8 35. Qc1 Nf7 36. Nxf7 Kxf7 37. f4 Qd6 38. a5 Rb8 39. Rcb2 1/2-1/2

[Event "ISR-chT U14 2018"]
[Site "Nir HaEmek"]
[Date "2018.08.13"]
[Round "4"]
[White "Shteiman, Yuval"]
[Black "Katz, Kiril"]
[Result "1-0"]
[ECO "C01"]
[WhiteElo "1584"]
[BlackElo "1822"]
[Annotator "NA"]
[PlyCount "31"]
[EventDate "2018.08.12"]
[EventType "team-tourn"]
[EventCountry "ISR"]
[SourceTitle "playchess.com"]
[Source "ChessBase"]
[SourceQuality "1"]
[TimeControl "3060+10"]

1. e4 e6 2. d4 d5 {[%emt 0:50:30] Bd3c5 [%clk 0:50:07]} 3. exd5 Qxd5 4. Nc3 Qd8 {[%emt 0:00:00] dxc5 [%clk 0:49:15] Bxc5 [%clk 0:47:24]} 5. Nf3 Nc6 {[%emt 0:00:00] O-O [%clk 0:47:20] Nf6 [%clk 0:44:55]} 6. Bg5 {[%emt 0:04:14] O-O [%clk 0:44:46] Qe2 [%clk 0:43:02]} Be7 {[%emt 0:00:00] Rfd1 [%clk 0:36:40] Qb6 [%clk 0:39:26]} 7. Rb1 a6 8. a3 h6 9. Be3 {[%emt 0:03:24] Qc7 [%clk 0:30:35] h3 [%clk 0:25:03]} b6 10. Ne4 {[%emt 0:10:53] Nxe4 [%clk 0:21:58] Bxe4 [%clk 0:19:12]} f5 {[%emt 0:00:00] Bxc6 [%clk 0:18:17] Qxc6 [%clk 0:21:29]} 11. Ne5 {[%emt 0:01:17] Qe4 [%clk 0:18:13] Ng6 [%clk 0:15:44] Rf7 [%clk 0:16:05] f3 [%clk 0:12:30] Qc6 [%clk 0:15:51]} Nxe5 {[%emt 0:00:00] Qc7 [%clk 0:15:34] Nxf7 [%clk 0:12:00] Kxf7 [%clk 0:15:43]} 12. Qd3 {[%emt 0:07:31] Qg3 [%clk 0:11:08] Bxb6 [%clk 0:07:45]} Bb7 {[%emt 0:00:00] Bf2 [%clk 0:06:54] Qg6 [%clk 0:11:02] Kh1 [%clk 0:06:32] Qh5 [%clk 0:09:20]} 13. Qb3 Bc6 {[%emt 0:00:00] Re1 [%clk 0:05:16] Qg6 [%clk 0:06:44]} 14. Qxb6 Bd5 {[%emt 0:00:00] Bc5 [%clk 0:04:26] Bd8 [%clk 0:05:54]} 15. Qd6 Bh4 {[%emt 0:00:00] Red1 [%clk 0:03:54] Rd8 [%clk 0:05:30]} 16. Qxc7 {[%emt 0:00:30] Kg8 [%clk 0:05:33] c4 [%clk 0:04:04] Qg3 [%clk 0:04:42] Qxg3 [%clk 0:03:59]} 1-0

[Event "ISR-chT U14 2018"]
[Site "Nir HaEmek"]
[Date "2018.08.14"]
[Round "5"]
[White "Aizenberg, Benny"]
[Black "Gorshtein, Asaf"]
[Result "1/2-1/2"]
[ECO "B13"]
[WhiteElo "2149"]
[BlackElo "2137"]
[Annotator "NA"]
[PlyCount "65"]
[EventDate "2018.08.12"]
[EventType "team-tourn"]
[EventCountry "ISR"]
[SourceTitle "playchess.com"]
[Source "ChessBase"]
[SourceQuality "1"]
[TimeControl "3060+10"]

1. e4 c6 2. d4 d5 3. exd5 cxd5 4. c4 Nf6 5. Nc3 Nc6 $11 {[%emt 0:00:06] LiveBook: 2875 Partien} 6. Bg5 Be6 7. Nf3 Ne4 8. cxd5 Bxd5 9. Nxe4 Bxe4 10. Bc4 h6 11. Be3 e6 12. O-O Be7 13. Re1 Bd5 14. Bxd5 Qxd5 15. Ne5 O-O 16. Qg4 Kh7 17. Rad1 Rad8 18. Nxc6 Qxc6 19. Qh5 Qd5 20. Qxd5 Rxd5 21. Rc1 Rfd8 22. Rc7 R8d7 23. Rxd7 Rxd7 24. b3 Bf6 25. Rd1 Rc7 26. g3 Rc2 27. a4 Rc3 28. d5 exd5 29. Rxd5 Rxb3 30. Bxa7 b6 31. Rd6 Rb4 32. Bxb6 Rxa4 33. Kg2 1/2-1/2

[Event "ISR-chT U14 2018"]
[Site "Nir HaEmek"]
[Date "2018.08.14"]
[Round "5"]
[White "Ben Ari, Yannay"]
[Black "Cohen Revivo, Shoham"]
[Result "1-0"]
[ECO "B24"]
[WhiteElo "2022"]
[BlackElo "2285"]
[Annotator "NA"]
[PlyCount "123"]
[EventDate "2018.08.12"]
[EventType "team-tourn"]
[EventCountry "ISR"]
[SourceTitle "playchess.com"]
[Source "ChessBase"]
[SourceQuality "1"]
[TimeControl "3060+10"]

1. e4 c5 2. Nc3 Nc6 3. g3 g6 4. Bg2 Bg7 5. Nge2 e6 6. O-O Nge7 7. d3 O-O 8. Be3 Nd4 9. a3 {[%emt 0:07:58] B24: Closed Sicilian: 3 g3 sidelines} (9. Qd2 d6 10. Nd1 Rb8 11. Nxd4 cxd4 12. Bh6 Bxh6 13. Qxh6 Qc7 14. c3 Qc5 15. Rc1 Nc6 16. Qd2 Bd7 17. cxd4 Qxd4 18. Ne3 Ne5 {½-½ (43) Pridorozhni,A (2565)-Savchenko,B (2581) Sochi 2017}) 9... Nec6 10. Rb1 d6 11. b4 Rb8 12. bxc5 dxc5 13. f4 b6 $146 ({Predecessor:} 13... e5 14. f5 gxf5 15. exf5 Bxf5 16. Bxc6 bxc6 17. Rxb8 Qxb8 18. Bxd4 exd4 19. Rxf5 dxc3 {½-½ (45) Danielyan,V (2240)-Igonin,T (2474) Yerevan 2016}) 14. e5 Bb7 15. Ne4 Nf5 16. Bf2 Ncd4 17. c3 Nxe2+ 18. Qxe2 f6 19. g4 Bxe4 20. dxe4 Ne7 21. exf6 Bxf6 22. e5 Bg7 23. Bh4 Qc7 24. Qc4 Rbe8 25. Qxe6+ Kh8 26. Qd6 Qc8 27. Bxe7 Rf7 28. Bf6 Bxf6 29. exf6 Qxg4 30. Rbe1 Ref8 31. Qe6 Qxe6 32. Rxe6 Rxf6 33. Rxf6 Rxf6 34. Bd5 Kg7 35. Kg2 Kf8 36. Kf3 Ke7 37. Ke4 Rf5 38. Rf3 Rh5 39. h3 Kf6 40. c4 Rh4 41. Ke3 Kf5 42. Be4+ Ke6 43. Kf2 Rh5 44. Kg3 Kd6 45. Kg4 Rh6 46. Rd3+ Kc7 47. Rd5 a6 48. a4 g5 $18 49. Rxg5 Re6 50. Re5 Rd6 51. Bd5 Rg6+ 52. Rg5 Rf6 53. f5 Kd6 54. Rg7 b5 55. axb5 axb5 56. Rb7 Ke5 57. Rxb5 Rxf5 58. Rxc5 h5+ 59. Kg3 Kd4 60. Rc8 Rg5+ 61. Kh4 Rf5 62. Rh8 1-0

[Event "ISR-chT U14 2018"]
[Site "Nir HaEmek"]
[Date "2018.08.14"]
[Round "5"]
[White "Zholti, Alon"]
[Black "Mizrahi, Ido"]
[Result "1/2-1/2"]
[ECO "D14"]
[WhiteElo "1976"]
[BlackElo "1943"]
[Annotator "NA"]
[PlyCount "67"]
[EventDate "2018.08.12"]
[EventType "team-tourn"]
[EventCountry "ISR"]
[SourceTitle "playchess.com"]
[Source "ChessBase"]
[SourceQuality "1"]
[TimeControl "3060+10"]

1. d4 d5 2. c4 c6 3. cxd5 cxd5 4. Bf4 Nc6 5. Nc3 Nf6 6. Nf3 Bf5 7. e3 Rc8 8. Qb3 Na5 9. Qa4+ Bd7 10. Bb5 Nc6 11. Ne5 a6 12. Nxd7 Qxd7 13. Bd3 e6 14. O-O Be7 15. Rac1 O-O 16. a3 Nh5 17. Bg3 Nxg3 18. hxg3 Rc7 19. b4 Rfc8 20. Qb3 b5 21. Rc2 Nd8 22. Rfc1 Nb7 23. a4 bxa4 24. Nxa4 Rxc2 25. Rxc2 Rxc2 26. Qxc2 Bxb4 27. Bxa6 Nd8 28. Nb2 Qc6 29. Qxc6 Nxc6 30. Nd3 Be7 31. Bb5 Nb4 32. Ne5 f6 33. Nf3 Kf7 34. Nd2 1/2-1/2

[Event "ISR-chT U14 2018"]
[Site "Nir HaEmek"]
[Date "2018.08.14"]
[Round "5"]
[White "Verny, David"]
[Black "Rotem-Purshpan, Nir"]
[Result "1-0"]
[ECO "C18"]
[WhiteElo "1946"]
[BlackElo "1767"]
[Annotator "NA"]
[PlyCount "102"]
[EventDate "2018.08.12"]
[EventType "team-tourn"]
[EventCountry "ISR"]
[SourceTitle "playchess.com"]
[Source "ChessBase"]
[SourceQuality "1"]
[TimeControl "3060+10"]

1. e4 e6 2. d4 d5 3. Nc3 Bb4 4. e5 c5 5. a3 Bxc3+ 6. bxc3 Ne7 7. Qg4 Qc7 8. Bd2 cxd4 9. cxd4 Nbc6 10. Nf3 Ng6 11. h4 h5 12. Qg5 Qe7 13. Qg3 Bd7 14. Bd3 O-O-O 15. Bxg6 fxg6 16. Qxg6 Rdf8 17. Bg5 Qf7 18. Qxf7 Rxf7 19. Bd2 Rhf8 20. Rh3 Be8 21. Rg3 a6 22. Rb1 Ne7 23. Bb4 Nf5 24. Rg6 Rg8 25. Rxe6 Ba4 26. Rc1 Rc7 27. c3 Kb8 28. Rg6 Ka8 29. Rg5 g6 30. Kd2 b6 31. Re1 Rgc8 32. Rc1 Rc6 33. g3 a5 34. Bd6 Nxd6 35. exd6 Rxd6 36. Ne5 Be8 37. Nd3 Kb7 38. Nf4 Ka6 39. Rxd5 Rdc6 40. Re5 Bf7 41. Nd5 Rd6 42. Nf4 Rdc6 43. Re7 Rf6 44. Rb1 Bc4 45. Rbe1 Rfc6 46. R1e3 Kb5 47. Kc2 Ka4 48. Kb2 Bb3 49. Rg7 b5 50. Nxg6 R6c7 51. Rxc7 {[%emt 0:03:40] Rxc7Re7 [%clk 0:16:53]} Bd1 1-0

[Event "ISR-chT U14 2018"]
[Site "Nir HaEmek"]
[Date "2018.08.14"]
[Round "5"]
[White "Yusupoff, Yoav"]
[Black "Friedland, Eldar"]
[Result "1/2-1/2"]
[ECO "D10"]
[WhiteElo "1634"]
[BlackElo "1876"]
[Annotator "NA"]
[PlyCount "80"]
[EventDate "2018.08.12"]
[EventType "team-tourn"]
[EventCountry "ISR"]
[SourceTitle "playchess.com"]
[Source "ChessBase"]
[SourceQuality "1"]
[TimeControl "3060+10"]

1. c4 c6 2. d4 d5 3. cxd5 cxd5 4. Bg5 Nc6 5. Nc3 Nf6 6. Bxf6 exf6 7. e3 Bb4 8. Nge2 O-O 9. a3 Ba5 10. g3 Re8 11. Bg2 Bg4 12. b4 Bb6 13. Qd2 Bxe2 14. Nxe2 a5 15. O-O axb4 16. axb4 Qd6 17. b5 Ba5 18. Qa2 Nb4 19. Qb3 b6 20. Nc3 Red8 21. Rfd1 Rac8 22. Rac1 Kf8 23. Na2 Nxa2 24. Qxa2 Qd7 25. Rxc8 Rxc8 26. Qxd5 Qxd5 27. Bxd5 Rc3 28. Kg2 f5 29. Kf3 Ke7 30. h4 h6 31. Kf4 Kf6 32. Bc6 Rc2 33. Kf3 g5 34. hxg5+ hxg5 35. d5 Rd2 36. Rh1 Ke5 37. Rh7 Kf6 38. Kg2 Bb4 39. Rh8 Bc5 40. Kf1 Ke5 1/2-1/2

[Event "ISR-chT U14 2018"]
[Site "Nir HaEmek"]
[Date "2018.08.14"]
[Round "5"]
[White "Shteiman, Yuval"]
[Black "Glatt, Oded"]
[Result "0-1"]
[ECO "B22"]
[WhiteElo "1584"]
[BlackElo "1645"]
[Annotator "NA"]
[PlyCount "58"]
[EventDate "2018.08.12"]
[EventType "team-tourn"]
[EventCountry "ISR"]
[SourceTitle "playchess.com"]
[Source "ChessBase"]
[SourceQuality "1"]
[TimeControl "3060+10"]

1. e4 c5 2. Nf3 e6 3. c3 Nf6 4. e5 Nd5 5. Bc4 Nc6 6. O-O d6 7. exd6 Bxd6 8. d4 O-O 9. Nbd2 cxd4 10. cxd4 Nf6 11. Re1 Qc7 12. Bb5 a6 13. Bxc6 Qxc6 14. Ne5 Bxe5 15. dxe5 Nd5 16. Nf3 b5 17. Bd2 Bb7 18. Rc1 Qb6 19. Qb3 Rac8 20. Ng5 Qd4 21. Rcd1 Qg4 22. Ne4 Rfd8 23. h3 Qg6 24. Nd6 Rxd6 25. exd6 Ne3 26. g3 Qe4 27. f3 Qxf3 28. Re2 Qxe2 29. Qxe3 Qg2# 0-1

[Event "ISR-chT U14 2018"]
[Site "Nir HaEmek"]
[Date "2018.08.14"]
[Round "5"]
[White "Gadasi, Noam"]
[Black "Nagar, Or"]
[Result "0-1"]
[ECO "D52"]
[WhiteElo "1540"]
[BlackElo "1505"]
[Annotator "NA"]
[PlyCount "114"]
[EventDate "2018.08.12"]
[EventType "team-tourn"]
[EventCountry "ISR"]
[SourceTitle "playchess.com"]
[Source "ChessBase"]
[SourceQuality "1"]
[TimeControl "3060+10"]

1. d4 d5 2. c4 c6 3. Nf3 Nf6 4. Nc3 e6 5. Bg5 Nbd7 6. e3 Qa5 7. a3 Ne4 8. Qc1 dxc4 9. Bf4 Nb6 10. Ne5 Nxc3 11. bxc3 Nd5 12. Kd2 b5 13. Nxc6 Qb6 14. Ne5 f6 15. Nf3 Nxf4 16. exf4 Bd6 17. g3 Bb7 18. Bg2 O-O 19. Rd1 e5 20. Ke1 exf4 21. gxf4 Rfe8+ 22. Kf1 Qc7 23. h3 Bxf4 24. Qb2 Be4 25. Re1 Qb7 26. Nh4 Bxg2+ 27. Nxg2 Qf3 28. Kg1 Bd6 29. Qd2 Qxh3 30. f4 g5 31. Qf2 gxf4 32. Nxf4 Qg4+ 33. Ng2 Bg3 34. Qf1 Rxe1 35. Rxe1 Bxe1 36. Qxe1 Kf7 37. Qf2 Re8 38. Kf1 Qd1+ 39. Ne1 Qh5 40. Ng2 Qh1+ 41. Qg1 Qxg1+ 42. Kxg1 Re2 43. Nf4 Ra2 44. Nd5 Rxa3 45. Kf2 h5 46. Kg3 Ra2 47. Nc7 a6 48. Kh4 Rh2+ 49. Kg3 Rc2 50. Nxa6 Rxc3+ 51. Kh4 Kg6 52. Nc7 Rb3 53. Nd5 c3 54. Ne3 Rb4 55. Nc2 Rc4 56. Kg3 b4 57. d5 b3 0-1

[Event "ISR-chT U14 2018"]
[Site "Nir HaEmek"]
[Date "2018.08.14"]
[Round "5"]
[White "Shavit, Inbar"]
[Black "Vagman, Roy"]
[Result "1/2-1/2"]
[ECO "C69"]
[WhiteElo "1523"]
[BlackElo "1952"]
[Annotator "NA"]
[PlyCount "168"]
[EventDate "2018.08.12"]
[EventType "team-tourn"]
[EventCountry "ISR"]
[SourceTitle "playchess.com"]
[Source "ChessBase"]
[SourceQuality "1"]
[TimeControl "3060+10"]

1. e4 e5 2. Nf3 Nc6 3. Bb5 a6 4. Bxc6 dxc6 5. O-O f6 6. d4 Bg4 7. dxe5 Qxd1 8. Rxd1 fxe5 9. Be3 Bd6 10. Nbd2 Nf6 11. h3 Be6 12. a3 h6 13. Ne1 c5 14. b3 Ke7 15. Nd3 b6 16. c4 Rae8 17. f4 exf4 18. Bxf4 Bxf4 19. Nxf4 Kf7 20. Rf1 Kg8 21. e5 Nd7 22. Ng6 Rh7 23. Nf3 Bf7 24. Rad1 Nf8 25. Nxf8 Rxf8 26. Rfe1 Be6 27. Nh4 Re8 28. Rf1 g5 29. Nf3 Rf7 30. g4 Ref8 31. Nd2 Rf4 32. Rxf4 Rxf4 33. Rf1 Rd4 34. Rf2 b5 35. Rf6 bxc4 36. bxc4 Bxc4 37. Nxc4 Rxc4 38. Rxa6 Re4 39. e6 Kf8 40. Rc6 Ke7 41. Rxc7+ Kxe6 42. Rxc5 Kd6 43. Rf5 Ke6 44. Ra5 Re3 45. Ra6+ Ke5 46. Kg2 Re2+ 47. Kf3 Ra2 48. Ke3 h5 49. Ra5+ Kf6 50. gxh5 Rh2 51. Ra6+ Ke5 52. Ra5+ Kf6 53. a4 Rxh3+ 54. Kf2 Rxh5 55. Ra8 Rh4 56. a5 Ra4 57. a6 Kf5 58. a7 Kg4 59. Kg2 Ra2+ 60. Kf1 Ra1+ 61. Ke2 Ra2+ 62. Kd3 Ra3+ 63. Kc4 Kg3 64. Kb5 g4 65. Kb6 Rb3+ 66. Ka6 Ra3+ 67. Kb5 Ra1 68. Kb4 Rb1+ 69. Kc3 Ra1 70. Kb2 Ra6 71. Kb3 Ra5 72. Kb4 Ra1 73. Kb3 Rb1+ 74. Ka2 Rb7 75. Ka1 Kg2 76. Ka2 g3 77. Ka3 Kg1 78. Ka4 g2 79. Ka5 Rh7 80. Kb6 Kh1 81. Rg8 Rh6+ 82. Kb7 Rh7+ 83. Kb6 Rh6+ 84. Kb7 Rh7+ {[%emt 0:00:42] Kb6Rh6+ [%clk 0:00:00] Kb5Rh5+Kb4Rh4+Kb3Rh3+Ka4 [%clk 0:00:00] Rh7 [%clk 0:00:00] Kb5 [%clk 0:00:00] Rh6 [%clk 0:00:00]} 1/2-1/2

[Event "ISR-chT U14 2018"]
[Site "Nir HaEmek"]
[Date "2018.08.14"]
[Round "6"]
[White "Gorshtein, Asaf"]
[Black "Levitan, Ronit"]
[Result "1-0"]
[ECO "C84"]
[WhiteElo "2137"]
[BlackElo "1933"]
[Annotator "NA"]
[PlyCount "89"]
[EventDate "2018.08.12"]
[EventType "team-tourn"]
[EventCountry "ISR"]
[SourceTitle "playchess.com"]
[Source "ChessBase"]
[SourceQuality "1"]
[TimeControl "3060+10"]

1. e4 e5 2. Nf3 Nc6 3. Bb5 a6 4. Ba4 Nf6 5. d4 exd4 6. O-O Be7 7. e5 Nd5 {[%emt 0:01:41] LiveBook: 4 Games} 8. Nxd4 Nb6 9. Nf5 O-O 10. Bb3 {[%emt 0:05:27] C84: Spanische Partie (Mittelgambit)} (10. Qg4 g6 11. Bxc6 dxc6 12. Nxe7+ Qxe7 13. Qg3 Re8 14. Re1 Bf5 15. Nd2 Bxc2 16. Nf3 c5 17. Bg5 Qe6 18. Rac1 Bf5 19. Bf6 Nd7 20. Ng5 Qc6 21. Nxh7 Nxf6 22. Nxf6+ Kg7 23. Nxe8+ Rxe8 24. Qc3 {1-0 (24) Gomez Baillo,J (2425)-Arbunic Castro,G (2180) Mar del Plata 1991}) 10... d5 $146 ({Vorgänger:} 10... Nxe5 11. Nxe7+ Qxe7 12. Re1 Qf6 13. Nc3 d6 14. Ne4 {0-1 (42) Molina Cubero Luna,G (1978)-Labena Bernal,A (1884) Spain 2006}) 11. exd6 Bxf5 12. dxe7 Qxe7 13. Nc3 Rad8 14. Qf3 Nd4 15. Qg3 Nxb3 16. cxb3 Bd3 $14 17. Bg5 f6 18. Rfe1 Qc5 19. Be3 Qc6 20. Bxb6 cxb6 21. Re7 Bg6 22. Rc7 Qe6 23. Rxb7 Rd2 24. Qc7 Bf7 25. Qxb6 Rxb2 26. Qxe6 Bxe6 27. Re1 Rc2 28. h3 Bf7 29. Na4 Rxa2 30. Ree7 Ra1+ 31. Kh2 Rc1 32. b4 g5 33. Nc5 Rd1 34. Ne6 Re1 35. Nxf8 Rxe7 36. Rxe7 Kxf8 37. Ra7 Bc4 38. Rxh7 Kg8 39. Rc7 Bb5 40. g3 Kf8 41. h4 gxh4 42. gxh4 Kg8 43. Kg3 Kh8 44. Kf4 Bd3 45. Rd7 1-0

[Event "ISR-chT U14 2018"]
[Site "Nir HaEmek"]
[Date "2018.08.14"]
[Round "6"]
[White "Ben Ari, Yannay"]
[Black "Aizenberg, Benny"]
[Result "1-0"]
[ECO "C26"]
[WhiteElo "2022"]
[BlackElo "2149"]
[Annotator "NA"]
[PlyCount "69"]
[EventDate "2018.08.12"]
[EventType "team-tourn"]
[EventCountry "ISR"]
[SourceTitle "playchess.com"]
[Source "ChessBase"]
[SourceQuality "1"]
[TimeControl "3060+10"]

1. e4 e5 2. Nc3 Nf6 3. g3 Bc5 4. Bg2 d6 5. Nge2 O-O {[%emt 0:02:19] LiveBook: 4 Games} 6. O-O Nc6 7. Na4 {[%emt 0:00:33] C26: Vienna Game: 2...Nf6, sidelines} Bb6 (7... Bg4 8. h3 Be6 9. d3 h6 10. Nxc5 dxc5 11. f4 Qe7 12. f5 Bd7 13. g4 Nh7 14. Qe1 Nd4 15. Nxd4 cxd4 {1-0 (60) Yu,Y (2675)-Kryvoruchko,Y (2707) Dubai 2014}) 8. d3 Bg4 9. h3 $146 ({Predecessor:} 9. c3 Nd7 10. Nxb6 axb6 11. h3 Be6 12. f4 f6 13. f5 Bf7 14. a3 Nc5 {½-½ (114) Webster,I (2119)-Jones,R (2072) Birmingham 2005}) 9... Bxe2 10. Qxe2 Nd4 11. Qd1 c6 12. c3 Ne6 13. Nxb6 Qxb6 14. Re1 Rad8 15. Qc2 Rfe8 16. Be3 Qc7 17. d4 Nf8 18. Rad1 Ng6 19. f4 exf4 20. gxf4 Nh4 {[%emt 0:02:30] [#]} 21. Bh1 $1 d5 (21... Ng6 $16) 22. Qf2 Ng6 23. e5 Ne4 $18 24. Bxe4 dxe4 25. f5 Ne7 26. Bg5 Rd5 27. Rxe4 Kh8 28. f6 Ng6 29. fxg7+ Kg8 30. Rf1 c5 31. h4 cxd4 32. cxd4 h6 33. e6 fxe6 34. Rxe6 Rc8 35. Rxg6 1-0

[Event "ISR-chT U14 2018"]
[Site "Nir HaEmek"]
[Date "2018.08.14"]
[Round "6"]
[White "Mizrahi, Ido"]
[Black "Sherman, Reem"]
[Result "0-1"]
[ECO "E10"]
[WhiteElo "1943"]
[BlackElo "1757"]
[Annotator "NA"]
[PlyCount "80"]
[EventDate "2018.08.12"]
[EventType "team-tourn"]
[EventCountry "ISR"]
[SourceTitle "playchess.com"]
[Source "ChessBase"]
[SourceQuality "1"]
[TimeControl "3060+10"]

1. d4 Nf6 2. c4 c5 3. d5 b5 4. Nf3 e6 5. dxe6 $11 fxe6 6. cxb5 d5 7. Nc3 Bd6 8. Bg5 Nbd7 9. e4 d4 10. Nb1 e5 11. Nbd2 Nb6 12. Bd3 Be6 13. b3 h6 14. Bh4 O-O 15. O-O Qd7 16. Qe2 Qf7 17. a4 Nh5 18. Bg3 Nf4 19. Bxf4 Qxf4 20. a5 Nd7 21. Bc4 Rae8 22. Ne1 Rf6 23. Nd3 Qg5 24. Bxe6+ Rfxe6 25. Nc4 Rg6 26. f3 Bc7 27. b4 cxb4 28. Nxb4 Nc5 29. Nd5 Bb8 30. b6 Nb3 31. Ra2 Nc1 32. Qd2 Nxa2 33. Qxa2 Kh7 34. bxa7 Bxa7 35. Ncb6 d3 36. Qf2 Ree6 37. Rd1 Rc6 38. h3 Rc2 39. Qf1 Rxg2+ 40. Kh1 Qg3 0-1

[Event "ISR-chT U14 2018"]
[Site "Nir HaEmek"]
[Date "2018.08.14"]
[Round "6"]
[White "Friedland, Eldar"]
[Black "Sokolovsky, Yahli"]
[Result "0-1"]
[ECO "A65"]
[WhiteElo "1876"]
[BlackElo "2062"]
[Annotator "NA"]
[PlyCount "98"]
[EventDate "2018.08.12"]
[EventType "team-tourn"]
[EventCountry "ISR"]
[SourceTitle "playchess.com"]
[Source "ChessBase"]
[SourceQuality "1"]
[TimeControl "3060+10"]

1. d4 Nf6 2. c4 g6 3. f3 Bg7 4. e4 O-O 5. Nc3 d6 6. Be3 c5 7. Nge2 $14 {[%emt 0:01:02] LiveBook: 1197 Games} Nc6 8. d5 Ne5 9. Ng3 e6 10. Be2 exd5 11. cxd5 a6 12. a4 Bd7 13. h3 b5 14. f4 Nc4 15. Bxc4 bxc4 16. O-O Rb8 17. e5 Ne8 18. Qd2 Qb6 19. Rab1 dxe5 20. Nce4 Rc8 21. f5 Nf6 22. Nxf6+ Bxf6 23. d6 Bh4 24. Bh6 Bxg3 25. Qg5 Qxd6 26. Qxg3 Rfe8 27. Rbd1 Qc6 28. Qg5 f6 29. Qg3 Kf7 30. fxg6+ hxg6 31. Qf2 Bf5 32. g4 Bd3 33. Rfe1 Rcd8 34. Be3 Rd4 35. Bxd4 cxd4 36. h4 Qd5 37. g5 f5 38. h5 Rh8 39. h6 e4 40. Qg3 Rc8 41. h7 Kg7 42. Rd2 Kh8 43. Qh4 e3 44. Rh2 Qe4 45. Qh6 e2 46. Qxg6 Qe3+ 47. Rf2 Qg3+ 48. Rg2 Qxe1+ 49. Kh2 Qh4+ 0-1